 Dungeon Crawl Stone Soup version 0.27-a0-1202-ge72e49191c (webtiles) character file.

Game seed: 12169602239520316626

1612 Froggeryz the Arsonist (level 8, -5/41 HPs)
             Began as a Tengu Fire Elementalist on June 3, 2021.
             Was an Initiate of Vehumet.
             Slain by a cyclops (20 damage)
             ... on level 6 of the Dungeon.
             The game lasted 00:13:38 (7908 turns).

Froggeryz the Arsonist (Tengu Fire Elementalist)    Turns: 7908, Time: 00:13:38

Health: -5/41      AC:  3    Str: 14    XL:     8   Next: 95%
Magic:  7/15       EV: 14    Int: 18    God:    Vehumet [......]
Gold:   435        SH:  0    Dex: 15    Spells: 10/15 levels left

rFire    . . .     SeeInvis .   u - +10 mace of Huipsene {flame, +Blink rElec rC++ Stlth-}
rCold    + + .     Faith    .   (no shield)
rNeg     . . .     Spirit   .   a - +1 robe
rPois    .         Reflect  .   (helmet restricted)
rElec    +         Harm     .   (no cloak)
rCorr    .         Rampage  .   (no gloves)
Will     .....                  (boots unavailable)
Stlth    +.........             (no amulet)
HPRegen  0.13/turn              c - +6 ring of strength
MPRegen  0.14/turn              (no ring)

@: flying quickly and evasively, quick
A: beak, talons 3, nimble flight
a: Renounce Religion, Evoke Blink


You were on level 6 of the Dungeon.
You worshipped Vehumet.
Vehumet was noncommittal.
You visited 2 branches of the dungeon, and saw 7 of its levels.
You also visited: Ossuary.

You collected 435 gold pieces.

Inventory:

Hand Weapons
 u - the +10 mace of Huipsene (weapon) {flame, +Blink rElec rC++ Stlth-}
   (You found it on level 6 of the Dungeon)

   It has been specially enchanted to burn those struck by it, causing extra
   injury to most foes and up to half again as much damage against particularly
   susceptible opponents.
   It greatly protects you from cold.
   It insulates you from electricity.
   It lets you blink.
   It makes you less stealthy.
Missiles
 o - 2 curare-tipped darts
Armour
 a - a +1 robe (worn)
Jewellery
 c - a +6 ring of strength (left hand)
 e - a ring of protection from cold
 n - a ring of see invisible
 q - an amulet of faith
Wands
 s - a wand of flame (9)
Scrolls
 b - a scroll of amnesia
 f - a scroll of fog
 g - 2 scrolls of magic mapping
 i - 3 scrolls of identify
 t - a scroll of acquirement {unknown}
Potions
 d - a potion of magic
 h - 2 potions of mutation
 j - 3 potions of heal wounds
 m - 3 potions of curing
 p - a potion of flight {unknown}


   Skills:
 - Level 2.1 Dodging
 - Level 2.0 Stealth
 - Level 4.0 Spellcasting
 + Level 6.5 Conjurations
 * Level 10.3 Fire Magic


You had 10 spell levels left.
You knew the following spells:

 Your Spells              Type           Power      Damage    Failure   Level
a - Foxfire               Conj/Fire      100%       2x1d9     1%          1
b - Sticky Flame          Conj/Fire      33%        2d5       4%          4

Your spell library contained the following spells:

 Spells                   Type           Power      Damage    Failure   Level
 Conjure Flame            Conj/Fire      33%        6-21      1%          3
 Inner Flame              Hex/Fire       22%        N/A       5%          3
 Fireball                 Conj/Fire      16%        3d8       13%         5


Dungeon Overview and Level Annotations

Branches:
Dungeon (6/15)             Temple (1/1) D:6         Ossuary (visited)

Altars:
Ashenzari
Cheibriados
Fedhas
Gozag
Hepliaklqana
Kikubaaqudgha
Makhleb
Nemelex Xobeh
Okawaru
Qazlal
Ru
Sif Muna
Trog
Vehumet
Xom
Zin
The Shining One


Innate Abilities, Weirdness & Mutations

You have a beak for a mouth.
You have claws for feet.
Your magical nature lets you fly swiftly and evasively.


Message History

There is a stone staircase leading down here.
You start resting.
You flicker for a moment.
You start resting.
You flicker back into view.
You start resting.
Your hearing returns.
You start resting.
Your magical contamination has completely faded away.
You start resting.
HP restored.
You fly downwards.
There is a stone staircase leading up here.
A cyclops is nearby!
A cyclops is nearby!
Casting: Foxfire (safe; 1% risk of failure)
Confirm with . or Enter, or press ? or * to list all spells.
Aiming: Sticky Flame (dangerous; 4% risk of failure)
Press: ? - help, Shift-Dir - straight line, f - cyclops
Aim: a cyclops, quivering large rocks (100% to hit)
The sticky flame hits the cyclops.
The cyclops is lightly wounded.
The cyclops is covered in liquid flames!
The cyclops burns!
Okay, then.
You hit the cyclops. You burn the cyclops. You peck the cyclops.
The cyclops is moderately wounded.
The cyclops burns! x2; The cyclops hits you!!
Ouch! That really hurt!
The cyclops burns!
The cyclops stops burning.
Casting: Sticky Flame (dangerous; 4% risk of failure)
Confirm with . or Enter, or press ? or * to list all spells.
Aiming: Sticky Flame (dangerous; 4% risk of failure)
Press: ? - help, Shift-Dir - straight line, f/p - cyclops
Aim: a cyclops, quivering large rocks (heavily wounded, 100% to hit)
The sticky flame hits the cyclops.
The cyclops is heavily wounded.
The cyclops is covered in liquid flames!
The cyclops burns!
The cyclops hits you!!
You die...

##.....#.#######
####...).>.....# ##
#...#######.# .#
##..# #.#
..###..#### #.#
.....<....# #.#
#####..##.## #.# #
#..#.#.###.#####
#...###.....@C.#
#....#.....###.#
##......>.####.###
########.##.....#
#.##.#.#.######
#####.##.#........#
#.....## ###.####.#
###+###.##.C...#
#.#
#.....#.########
#.#


You could see a cyclops (burning).

Vanquished Creatures
  A water moccasin (D:6)
  3 ice beasts
  An orc warrior (D:6)
  3 ogres
  A centaur (D:5)
  A phantom (D:6)
  An elf zombie (Ossuary)
  A scorpion (D:5)
  A wyvern zombie (D:6)
  A bullfrog zombie (D:5)
  An orc priest (D:4)
  3 hounds
  Jessica (D:3)
  2 iguanas (D:4)
  An orc wizard (D:6)
  4 mummies
  A howler monkey zombie (D:6)
  A howler monkey skeleton (D:5)
  4 gnolls (D:5)
  6 adders
  An ufetubus (D:6)
  An adder zombie (Ossuary)
  An adder skeleton (D:4)
  2 worms
  5 dart slugs
  8 orcs
  5 bats
  10 endoplasms
  3 giant cockroaches
  10 hobgoblins
  6 jackals
  4 kobolds
  A quokka (D:5)
  9 ball pythons
  3 frilled lizards
  2 gnoll zombies (Ossuary)
  4 goblins
  3 goblin zombies (Ossuary)
  A hobgoblin zombie (Ossuary)
  A kobold zombie (Ossuary)
  4 quokka zombies (Ossuary)
  4 rats
  5 rat zombies (Ossuary)
131 creatures vanquished.

Vanquished Creatures (others)
  An iguana (D:5)
  An ufetubus (D:5)
  452 foxfires
454 creatures vanquished.

Grand Total: 585 creatures vanquished

Notes
Turn   | Place    | Note
-------+----------+-------------------------------------------
     0 | D:1      | Froggeryz the Tengu Fire Elementalist began the quest for
                  | the Orb.
     0 | D:1      | Reached XP level 1. HP: 10/10 MP: 4/4
   835 | D:1      | Reached XP level 2. HP: 15/15 MP: 3/6
  1159 | D:1      | Reached skill level 4 in Fire Magic
  1492 | D:2      | Found a faded altar of an unknown god.
  1525 | D:2      | Reached XP level 3. HP: 19/19 MP: 3/7
  2576 | D:2      | Reached XP level 4. HP: 24/24 MP: 4/8
  3228 | D:3      | Found a sparkling altar of Nemelex Xobeh.
  3250 | D:3      | Reached skill level 5 in Fire Magic
  3439 | D:3      | Noticed Jessica
  3444 | D:3      | Killed Jessica
  3624 | D:3      | Found a snail-covered altar of Cheibriados.
  3715 | D:3      | Found an opulent altar of Gozag.
  3740 | D:3      | Gained mutation: Your magical nature lets you fly swiftly
                  | and evasively. [Tengu growth]
  3740 | D:3      | Reached XP level 5. HP: 28/28 MP: 5/9
  3975 | D:3      | Found an ancient bone altar of Kikubaaqudgha.
  4200 | D:4      | Found a sand-covered staircase.
  4262 | Ossuary  | Entered an ossuary
  4410 | Ossuary  | Reached skill level 6 in Fire Magic
  4410 | Ossuary  | Reached XP level 6. HP: 21/32 MP: 0/11
  5035 | D:4      | Reached skill level 7 in Fire Magic
  5176 | D:4      | Reached XP level 7. HP: 27/36 MP: 9/13
  5568 | D:5      | Entered Level 5 of the Dungeon
  5584 | D:5      | Learned a level 4 spell: Sticky Flame
  5965 | D:5      | Reached skill level 8 in Fire Magic
  6186 | D:5      | Found a shimmering altar of Xom.
  6236 | D:5      | Found a bloodstained altar of Trog.
  6501 | D:5      | Reached XP level 8. HP: 34/41 MP: 9/15
  6707 | D:5      | Reached skill level 9 in Fire Magic
  6933 | D:6      | Reached skill level 5 in Conjurations
  6983 | D:6      | Found an iron altar of Okawaru.
  7030 | D:6      | Identified the +10 mace of Huipsene {flame, +Blink rElec
                  | rC++ Stlth-}
  7073 | D:6      | Found a staircase to the Ecumenical Temple.
  7088 | Temple   | Entered the Ecumenical Temple
  7139 | Temple   | Became a worshipper of Vehumet
  7509 | D:6      | Reached skill level 10 in Fire Magic
  7711 | D:6      | Noticed a cyclops
  7908 | D:6      | Slain by a cyclops

Illustrated notes

Levels and vault maps discovered:
D:1:      scummos_arrival_checkerplants, layout_loops_ring
D:2:      layout_basic, hellmonk_ecumenical_altar_run_dry,
          kennysheep_generic_room_3
D:3:      layout_rooms, amcnicky_altar_gilded,
          nicolae_gozag_cash_rules_everything_around_me, cheibriados_altar_1,
          kiku_gazebo_garden_becter, uniq_jessica
D:4:      layout_basic, gup_ossuary_entry_pyramid
D:5:      layout_loops_cross, trog_three_pillars_becter, marbit_many_paths,
          grunt_ministairs_11, chequers_decorated_corner, st_stairs_7,
          chequers_serial_rivers_small_a, chequers_arboretum,
          kennysheep_another_room, lemuel_flamethrower_2
D:6:      layout_loops_ring, okawaru_ov_weapons_minmay, general_overflow_altar,
          minmay_temple_entry_hall
Temple:   jpeg_temple_alley_garden

Skill      XL: |  1  2  3  4  5  6  7  8 |
---------------+-------------------------+-----
Conjurations   | 2 3 4 6 |  6.5
Fire Magic     | 4 5 6 7 8 10 | 10.3
Spellcasting   | 3 4 |  4.0
Dodging        | |  2.1
Stealth        | |  2.0

Action                   |  1- 3 |  4- 6 |  7- 9 || total
-------------------------+-------+-------+-------++-------
Melee: Kick              |     3 |     7 |     9 ||    19
       Unarmed           |     3 |       |       ||     3
       Short sword       |       |    50 |    21 ||    71
       Peck              |       |     6 |     5 ||    11
       Mace              |       |       |     9 ||     9
 Cast: Foxfire           |    89 |   116 |    73 ||   278
       Sticky Flame      |       |       |     9 ||     9
  Use: Scroll            |       |    14 |     1 ||    15
       Potion            |       |       |     3 ||     3
 Stab: Sleeping          |     1 |     1 |       ||     2
Armor: Robe              |     5 |    19 |     4 ||    28
Dodge: Dodged            |    18 |    37 |    30 ||    85

Table legend: (Time is in decaauts)
 A = Elapsed time spent in this place.
 B = Non-inter-level travel time spent in this place.
 C = Inter-level travel time spent in this place.
 D = Time resting spent in this place.
 E = Time spent auto-exploring this place.
 F = Levels seen in this place.
 G = Mean time per level.
                   A        B        C        D        E       F      G
               +--------+--------+--------+--------+--------+-----+--------+
         Total |   7699 |   7499 |    200 |   1270 |   5094 |   8 |  962.4 |
       Dungeon |   7001 |   6837 |    164 |    933 |   4951 |   6 | 1166.8 |
        Temple |     83 |     47 |     36 |      0 |     32 |   1 |   83.0 |
       Ossuary |    614 |    614 |      0 |    337 |    110 |   1 |  614.0 |
               +--------+--------+--------+--------+--------+-----+--------+

Top non-repeatable levels by time:
     D:5: 1701 daAuts
     D:2: 1700 daAuts
     D:1: 1486 daAuts
     D:3: 915 daAuts
     D:4: 761 daAuts
 Ossuary: 614 daAuts
     D:6: 436 daAuts
  Temple: 83 daAuts
